 Dungeon Crawl Stone Soup version 0.20-a0-622-g01f5896 (webtiles) character file.

24 poirepourri the Sneak (level 2, -16/13 HPs)
             Began as a Spriggan Enchanter on Feb 9, 2017.
             Demolished by a kobold
             ... wielding a +1 whip of electrocution
              (18 damage)
             ... on level 1 of the Dungeon.
             The game lasted 00:01:29 (1577 turns).

poirepourri the Sneak (Spriggan Enchanter)          Turns: 1577, Time: 00:01:30

Health: -16/13     AC:  2    Str:  4    XL:     2   Next: 79%
Magic:  2/6        EV: 18    Int: 16    God:
Gold:   29         SH:  0    Dex: 16    Spells: 3/6 levels left

rFire    . . .     SeeInvis +   a - +1 dagger
rCold    . . .     Gourm    .   b - +0 robe
rNeg     . . .     Faith    .   (shield restricted)
rPois    .         Spirit   .   (helmet restricted)
rElec    .         Reflect  .   (no cloak)
rCorr    .         Harm     .   (gloves unavailable)
MR       .....                  (boots unavailable)
Stlth    +++.......             (no amulet)
Regen    0.1/turn               (no ring)
                                (no ring)

@: very quick
A: unfitting armour, see invisible, herbivore 3, speed 3, slow metabolism 2
a: no special abilities


You were on level 1 of the Dungeon.
You were not hungry.

You visited 1 branch of the dungeon, and saw 1 of its levels.

You collected 29 gold pieces.

Inventory:

Hand Weapons
 a - a +1 dagger (weapon)
Armour
 b - a +0 robe (worn)
Books
 c - a book of Maledictions

   Spells                             Type                      Level
   a - Corona                         Hexes                        1
   b - Ensorcelled Hibernation        Hexes/Ice                    2
   c - Confuse                        Hexes                        3
   d - Tukima's Dance                 Hexes                        3
   e - Dazzling Spray                 Conjuration/Hexes            3
Comestibles
 d - a bread ration


   Skills:
 + Level 0.1 Fighting
 + Level 1.7 Short Blades
 + Level 3.2 Dodging
 + Level 4.9 Stealth
 + Level 2.9 Spellcasting
 + Level 4.0 Hexes


You had 3 spell levels left.
You knew the following spells:

 Your Spells              Type           Power        Failure   Level  Hunger
a - Corona                Hex            ###....      4%          1    #......
b - Ensorcelled Hibernat  Hex/Ice        #.....       14%         2    ##.....


Dungeon Overview and Level Annotations

Branches:
Dungeon (1/15)

Altars:


Innate Abilities, Weirdness & Mutations

You are very small and have problems with some larger weapons.
You are too small for most types of armour.
You have supernaturally acute eyesight. (SInv)
You are a herbivore.
You cover ground extremely quickly.
You need consume almost no food.


Message History

Casting: Ensorcelled Hibernation
Confirm with . or Enter, or press ? or * to list all spells.
Aiming: Ensorcelled Hibernation
Press: ? - help, Shift-Dir - straight line, f - kobold
Aim: a kobold, wielding a dagger (chance to defeat MR: 57%)
The kobold looks drowsy...
The helpless kobold fails to defend itself.
You impale the kobold!!
You kill the kobold!
Casting: Ensorcelled Hibernation
Confirm with . or Enter, or press ? or * to list all spells.
Aiming: Ensorcelled Hibernation
Press: ? - help, Shift-Dir - straight line, f - kobold
Aim: a kobold, wielding a whip of electrocution (chance to defeat MR: 57%)
The kobold resists with significant effort.
The kobold hits you with a whip of electrocution.
* * * LOW HITPOINT WARNING * * *
You are electrocuted!
Ouch! That really hurt!
You die...

###
#############.#
####.............#
...)......######.#
####)####.# #.# ##
#.# #.# #.# .# #.#
#.# #@# .# #.# #.#
#K# .# #.# #.# #s#
## #.# ..# #.# #.#
### #.# #)# #####
#.# ......#.##
.....s...#


You could see a giant cockroach and a kobold.

Vanquished Creatures
  A leopard gecko (D:1)
  A giant cockroach (D:1)
  2 goblins (D:1)
  7 hobgoblins (D:1)
  2 bats (D:1)
  3 frilled lizards (D:1)
  3 kobolds (D:1)
  2 rats (D:1)
21 creatures vanquished.

Notes
Turn   | Place    | Note
-------+----------+-------------------------------------------
     0 | D:1      | poirepourri the Spriggan Enchanter began the quest for the Orb.
     0 | D:1      | Reached XP level 1. HP: 9/9 MP: 5/5
   824 | D:1      | Reached XP level 2. HP: 13/13 MP: 6/6
   831 | D:1      | Learned a level 2 spell: Ensorcelled Hibernation
  1577 | D:1      | Demolished by a kobold

Vault maps used:
D:1:      saegor_arrival_simple_f

Skill      XL: |  1 |
---------------+----+-----
Hexes          | 4 |  4.0
Fighting       | |  0.1
Short Blades   | |  1.7
Dodging        | |  3.2
Stealth        | |  4.9
Spellcasting   | |  2.9

Action                   || total
-------------------------++-------
Melee: Dagger            ||    70
 Cast: Ensorcelled Hiber ||     8
  Use: Scroll            ||     1
 Stab: Sleeping          ||    12
Armor: Robe              ||     4
Dodge: Dodged            ||    50
